 Dungeon Crawl Stone Soup version 0.30-a0-6-g7c9e10e132 (webtiles) character file.

Game seed: 13165495856890350934

44125 Zeldest the Thaumaturge (level 14, -8/108 HPs)
             Began as a Djinni Warper on Aug 22, 2022.
             Was a High Priest of Makhleb.
             Mangled by a sixfirhy (12 damage)
             ... summoned by an obsidian statue
             ... on level 5 of the Lair of Beasts.
             The game lasted 00:44:20 (18555 turns).

Zeldest the Thaumaturge (Djinni Warper)            Turns: 18555, Time: 00:44:20

Health: -8/108     AC:  5    Str: 16    XL:     14   Next: 64%
Gold:   879        EV: 13    Int: 26    God:    Makhleb [*****.] SH:  0 Dex: 13

rFire   + + .      SeeInvis .    q - staff of fire
rCold   + + +      Faith    .    (no shield)
rNeg    + . .      Spirit   .    D - +0 leather armour "Tyahid" {*Corrode Fly rPois rC+++}
rPois   ∞          Reflect  .    d - +0 helmet
rElec   .          Harm     .    (no cloak)
rCorr   .          Rampage  .    x - +0 pair of gloves
Will    ++...                    (boots unavailable)
Stlth   +.........               a - amulet of regeneration
HPRegen 1.08/turn                f - +6 ring of intelligence
MPRegen 0.00/turn                R - ring "Nouraorph" {rF- rC+ rN+ Will+ Str+6}

@: flying, hasted, very quick
A: sickness immunity, fire resistance 2, cold vulnerability 1, float, innate
caster, HP casting, extra vitality 1
a: Renounce Religion, Minor Destruction, Lesser Servant of Makhleb, Major
Destruction, Greater Servant of Makhleb


You were on level 5 of the Lair of Beasts.
You worshipped Makhleb.
Makhleb was extremely pleased with you.
You visited 2 branches of the dungeon, and saw 15 of its levels.

You collected 907 gold pieces.
You spent 28 gold pieces at shops.

Inventory:

Hand Weapons
 V - a +4 scimitar of flaming
Armour
 d - a +0 helmet (worn)
 x - a +0 pair of gloves (worn)
 D - the +0 leather armour "Tyahid" (worn) {*Corrode Fly rPois rC+++}
   (You found it on level 6 of the Dungeon)

   rC:        It renders you almost immune to cold.
   rPois:     It protects you from poison.
   Fly:       It grants you flight.
   *Corrode:  It may corrode you when you take damage.
 N - the +3 leather armour of the Devil {Regen+ Int+2 Slay+5}
   (You found it on level 9 of the Dungeon)

   Int:       It affects your intelligence (+2).
   Slay:      It affects your accuracy & damage with ranged weapons and melee
   (+5).
   Regen:     It increases your rate of health regeneration.
Magical Staves
 q - a staff of fire (weapon)
Jewellery
 a - an amulet of regeneration (around neck)
 f - a +6 ring of intelligence (left hand)
 l - a ring of wizardry
 R - the ring "Nouraorph" (right hand) {rF- rC+ rN+ Will+ Str+6}
   (You found it on level 1 of the Lair of Beasts)

   [ring of strength]

   Str:       It affects your strength (+6).
   rF:        It makes you vulnerable to fire.
   rC:        It protects you from cold.
   rN:        It protects you from negative energy.
   Will:      It increases your willpower.
 S - a ring of protection from fire
 Y - a ring of willpower
Wands
 n - a wand of digging (8)
 p - a wand of polymorph (5)
 v - a wand of iceblast (4)
 z - a wand of acid (4)
 L - a wand of mindburst (9)
 T - a wand of flame (28)
Scrolls
 b - a scroll of fog
 e - 3 scrolls of silence
 h - 3 scrolls of brand weapon
 i - 2 scrolls of torment {unknown}
 m - a scroll of magic mapping
 r - 3 scrolls of vulnerability {unknown}
 s - 2 scrolls of fear {unknown}
 t - 2 scrolls of amnesia {unknown}
 w - a scroll of noise {unknown}
 A - a scroll of acquirement {unknown}
 P - a scroll of poison {unknown}
 Q - 2 scrolls of enchant armour {unknown}
 U - a scroll of enchant weapon {unknown}
Potions
 g - 3 potions of ambrosia
 j - 2 potions of haste
 k - a potion of curing
 o - a potion of mutation
 u - 2 potions of attraction {unknown}
 B - 2 potions of resistance
 F - 5 potions of brilliance
 H - 2 potions of magic {unknown}
 K - a potion of lignification {unknown}
 W - 3 potions of berserk rage {unknown}
 X - 2 potions of cancellation {unknown}
 Z - a potion of might {unknown}


   Skills:
 + Level 12.6 Fighting
 - Level 1.5 Axes
 - Level 0.7 Throwing
 - Level 2.7 Armour
 - Level 4.3 Dodging
 + Level 5.3 Shields
 + Level 13.0 Spellcasting
 + Level 11.6 Invocations


You had 6 spell levels left.
You knew the following spells:

 Your Spells              Type           Power      Damage    Failure   Level
a - Blink                 Tloc           100%       N/A       1%          2
b - Slow                  Hex            100%       N/A       1%          1
c - Gell's Gravitas       Tloc           71%        N/A       1%          3
d - Teleport Other        Tloc           71%        N/A       1%          3
e - Manifold Assault      Tloc           71%        N/A       1%          5
f - Sticky Flame          Conj/Fire      91%        2d10      1%          4
g - Lesser Beckoning      Tloc           71%        N/A       1%          3
h - Ensorcelled Hibernat  Hex/Ice        100%       N/A       1%          2
i - Spider Form           Tmut/Pois      71%        N/A       1%          3
j - Scorch                Fire           100%       2d10      1%          2
k - Summon Forest         Summ/Tloc      35%        N/A       1%          5
Your spell library was empty.

Dungeon Overview and Level Annotations

Branches:
Dungeon (10/15)            Temple (0/1) D:6            Lair (5/5) D:8
  Swamp (0/4) Lair:2       Spider (0/4) Lair:2        Slime (0/5) Lair:4
    Orc: D:9-12

Altars:
Fedhas
Makhleb
Ru
Uskayaw
Xom
Yredelemnul
The Shining One
Jiyva

Shops:
D:9 [*

Annotations:
D:5 3 runed translucent doors, Adrian566's ghost, amateur DsFi; Setbun's ghost, novice KoBr
Lair:1 2 transporters
Lair:5 exclusion: obsidian statue


Innate Abilities, Weirdness & Mutations

You are immune to sickness and miasma.
You are immune to poison.
Your flesh is very heat resistant. (rF++)
You are vulnerable to cold. (rC-)
You float through the air rather than walking.
You learn spells naturally, not from books.
Your magical power is your life essence.
You have superior vitality. (+4 MHP)


Message History

As you read the scroll of blinking, it crumbles to dust.
Okay, then.
A demon appears!
The dire elephant tramples your smoke demon.
Your smoke demon is shoved backwards!
Your smoke demon hits the dire elephant but does no damage. x2
Your smoke demon hits the dire elephant.
The dire elephant tramples your smoke demon!!
Your smoke demon is shoved backwards!
Your smoke demon hits the dire elephant. x2
Your smoke demon hits the dire elephant but does no damage.
The dire elephant tramples your smoke demon!
Your smoke demon is shoved backwards!
Your smoke demon dies!
Your smoke demon disappears in a puff of smoke!
You are no longer corroded.
Okay, then.
A demon appears!
Your orange demon stings the sixfirhy from afar.
You swap places.
The sixfirhy barely misses your orange demon.
The sixfirhy hits your orange demon! The sixfirhy shocks your orange demon!
The sixfirhy hits your orange demon! The sixfirhy shocks your orange demon!
The sixfirhy closely misses your orange demon.
Your orange demon completely misses the sixfirhy.
Your orange demon closely misses the sixfirhy.
Okay, then.
You feel yourself speed up.
The sixfirhy hits your orange demon but does no damage.
The sixfirhy barely misses your orange demon.
Your orange demon stings the sixfirhy.
Your orange demon completely misses the sixfirhy.
There is an open gate here.
Your orange demon stings the sixfirhy!
Your orange demon hits the sixfirhy.
You reach down and close the gate.
A sixfirhy breaks down the gate.
Your orange demon stings the sixfirhy.
Your orange demon misses the sixfirhy.
The sixfirhy hits you!
* * * LOW HITPOINT WARNING * * *
The sixfirhy shocks you!
You die...

#.....# #.....##.♣.# .#....##
#.♣........♣ .......#
#......♣..♣. ..#....##
##.......... ..#.....##
###..#...†... ...##...P###
#######............
..#..P....P####.#..............♣.
.#.#.......P................♣..♣~
.............#..@3..............~
#♣PP.....♣########'''########♣.♣.
##♣...P###.........4.Y.....###..
#♣♣♣##P.P#####8.⌠.8#####...##♣ #.
#YP###8.8###. ###.###


P$Yp8 ######.~~ #..3. #...YY#8...8#≈≈≈≈ ####. #...$|#!!!..'≈≈≈~.#8.##
+....8#}$..?'~≈~..'.... You could see a dire elephant, a sixfirhy (summoned,
ally target) and a friendly orange demon (summoned).

Vanquished Creatures
  2 dire elephants (Lair:5)
  Josephine (Lair:4)
  2 hydras
  4 two-headed ogres (D:9)
  Erica (Lair:2)
  2 death yaks
  A spectral anaconda (Lair:5)
  2 necromancers (Lair:5)
  10 elephants
  5 black mambas
  7 cane toads
  2 rime drakes
  A gargoyle (D:9)
  2 torpor snails (Lair:3)
  3 komodo dragons
  A tyrant leech (Lair:2)
  6 polar bears
  8 blink frogs
  A wraith (Lair:4)
  2 wyverns
  34 yaks
  3 basilisks
  A death yak simulacrum (Lair:5)
  9 vampire mosquitoes
  A spectral cane toad (Lair:5)
  2 swamp worms (Lair:2)
  7 water moccasins
  6 orc warriors
  3 ice beasts
  8 black bears
  An ogre (D:7)
  13 wolves
  3 centaurs
  An elephant skeleton (Lair:5)
  4 phantoms
  A kobold brigand (D:9)
  9 bullfrogs
  2 gnoll sergeants
  4 scorpions
  A hornet simulacrum (D:9)
  6 wights (D:8)
  4 killer bees (D:7)
  An elephant simulacrum (Lair:5)
  5 howler monkeys
  3 jellies
  6 hounds
  3 orc priests
  A gnoll bouda (D:8)
  Natasha (thrice) (D:2)
  3 orc wizards
  7 iguanas
  A hell rat (Lair:2)
  11 gnolls
  17 adders
  3 shadow imps
  6 ufetubi
  3 worms
  A dart slug (D:4)
  20 orcs
  5 ball pythons
  4 bats
  3 endoplasms
  3 giant cockroaches
  5 goblins
  3 hobgoblins
  3 jackals (D:5)
  9 quokkas
  7 kobolds
  4 rats (D:2)
326 creatures vanquished.

Vanquished Creatures (collateral kills)
  A hydra (Lair:4)
  4 death yaks (Lair:4)
  3 elephants (Lair:3)
  A komodo dragon (Lair:3)
  2 cane toads
  2 tyrant leeches (Lair:2)
  2 wraiths (Lair:4)
  2 basilisks (Lair:4)
  A wyvern (Lair:2)
  19 yaks
  A water moccasin (Lair:5)
  A swamp worm (Lair:2)
  A wolf (Lair:2)
  2 bullfrogs (Lair:3)
  3 hell rats (Lair:2)
  An adder (Lair:4)
  A bush (Lair:4)
47 creatures vanquished.

Vanquished Creatures (others)
  31 fungi
  72 plants
  5 snaplasher vines
  24 withered plants (Lair:5)
132 creatures vanquished.

Grand Total: 505 creatures vanquished

Notes
Turn   | Place    | Note
-------+----------+-------------------------------------------
     0 | D:1      | Zeldest the Djinni Warper began the quest for the Orb.
     0 | D:1      | Zeldest set off with the following spells memorised: Blink,
                  | Lesser Beckoning, Gell's Gravitas, Teleport Other, Manifold
                  | Assault.
     0 | D:1      | Reached XP level 1. HP: 18/18 MP: 0/0
   219 | D:1      | Reached XP level 2. HP: 19/23 MP: 0/0
   902 | D:1      | Reached XP level 3. HP: 29/29 MP: 0/0
   902 | D:1      | Learned a level 1 spell: Slow
  1456 | D:2      | Reached skill level 3 in Spellcasting
  1569 | D:2      | Noticed Natasha
  1580 | D:2      | Killed Natasha
  1581 | D:2      | Reached XP level 4. HP: 7/34 MP: 0/0
  2454 | D:1      | Reached XP level 5. HP: 5/40 MP: 0/0
  2454 | D:1      | Learned a level 2 spell: Scorch
  2967 | D:2      | Noticed Natasha
  2971 | D:2      | Killed Natasha
  3023 | D:2      | Noticed Natasha
  3029 | D:2      | Killed Natasha
  3773 | D:3      | Reached XP level 6. HP: 38/46 MP: 0/0
  3982 | D:3      | Found a shimmering altar of Xom.
  4524 | D:4      | Found a hide-covered altar of Uskayaw.
  4566 | D:4      | Reached skill level 4 in Spellcasting
  4779 | D:4      | Found a blossoming altar of Fedhas.
  5639 | D:5      | Entered Level 5 of the Dungeon
  5645 | D:5      | Noticed a black bear
  5648 | D:5      | Noticed a water moccasin
  5649 | D:5      | Killed a black bear
  5650 | D:5      | Reached XP level 7. HP: 47/51 MP: 0/0
  5650 | D:5      | Learned a level 2 spell: Ensorcelled Hibernation
  5652 | D:5      | Killed a water moccasin
  5733 | D:5      | Found a runed translucent gate.
  5734 | D:5      | Found a runed translucent gate.
  5736 | D:5      | Found a runed translucent gate.
  5744 | D:5      | Noticed Adrian566's ghost (amateur DsFi)
  5744 | D:5      | Noticed Setbun's ghost (novice KoBr)
  5984 | D:5      | Reached skill level 5 in Spellcasting
  5987 | D:5      | Reached XP level 8. HP: 42/58 MP: 0/0
  6563 | D:5      | Found a sacrificial altar of Ru.
  6563 | D:5      | Found a burning altar of Makhleb.
  6575 | D:5      | Became a worshipper of Makhleb the Destroyer
  6883 | D:6      | Reached skill level 5 in Fighting
  6909 | D:6      | Reached skill level 1 in Invocations
  6980 | D:6      | Identified the +0 leather armour "Tyahid" {*Corrode Fly
                  | rPois rC+++}
  7010 | D:6      | Found a staircase to the Ecumenical Temple.
  7334 | D:6      | Reached skill level 6 in Spellcasting
  7401 | D:6      | Reached XP level 9. HP: 53/65 MP: 0/0
  7401 | D:6      | Learned a level 3 spell: Spider Form
  9200 | D:7      | Reached skill level 7 in Spellcasting
  9972 | D:8      | Reached XP level 10. HP: 51/73 MP: 0/0
  9975 | D:8      | Reached * piety under Makhleb
 10149 | D:8      | Found a basalt altar of Yredelemnul.
 10327 | D:8      | Reached skill level 5 in Invocations
 10432 | D:8      | Found a staircase to the Lair.
 10582 | D:8      | Reached skill level 8 in Spellcasting
 10838 | D:8      | Found a glowing golden altar of the Shining One.
 10937 | D:9      | Found Kiuser's General Store.
 10953 | D:9      | Noticed a two-headed ogre
 11105 | D:9      | Bought a scroll of identify for 28 gold pieces
 11148 | D:9      | Killed a two-headed ogre
 11350 | D:9      | Noticed a two-headed ogre
 11554 | D:9      | Noticed a two-headed ogre
 11581 | D:10     | Entered Level 10 of the Dungeon
 11584 | D:10     | Noticed a gargoyle
 11852 | D:9      | Identified the +3 leather armour of the Devil {Regen+ Int+2
                  | Slay+5}
 12038 | D:9      | Found Diher's Armour Emporium.
 12154 | D:9      | Killed a two-headed ogre
 12155 | D:9      | Reached skill level 9 in Spellcasting
 12155 | D:9      | Reached XP level 11. HP: 71/81 MP: 0/0
 12155 | D:9      | Learned a level 4 spell: Sticky Flame
 12223 | D:9      | Identified the +1 chain mail of Grim Fun {Harm rCorr}
 12467 | D:9      | Killed a two-headed ogre
 12711 | D:10     | Noticed a two-headed ogre
 13241 | D:9      | Killed a two-headed ogre
 13385 | D:10     | Reached ** piety under Makhleb
 13386 | D:10     | Reached skill level 10 in Spellcasting
 13789 | Lair:1   | Entered Level 1 of the Lair of Beasts
 13789 | Lair:1   | Found a transporter.
 13892 | Lair:1   | Found a transporter.
 13918 | Lair:1   | Reached XP level 12. HP: 70/90 MP: 0/0
 13927 | Lair:1   | Noticed a six-headed hydra
 13974 | Lair:1   | Killed a six-headed hydra
 14177 | Lair:1   | Reached skill level 10 in Fighting
 14240 | Lair:1   | Reached *** piety under Makhleb
 14245 | Lair:1   | Identified the ring "Nouraorph" {rF- rC+ rN+ Will+ Str+6}
 14323 | Lair:1   | Reached skill level 11 in Spellcasting
 14465 | Lair:1   | Noticed a fire crab
 15034 | Lair:2   | Found a hole to the Spider Nest.
 15114 | Lair:2   | Reached XP level 13. HP: 97/97 MP: 0/0
 15114 | Lair:2   | Learned a level 5 spell: Summon Forest
 15132 | Lair:2   | Reached **** piety under Makhleb
 15165 | Lair:2   | Noticed Erica
 15174 | Lair:2   | Killed Erica
 15250 | Lair:2   | Identified the +3 helmet "Cido" {rN+++}
 15267 | Lair:2   | Found a staircase to the Swamp.
 15428 | Lair:2   | Reached skill level 12 in Spellcasting
 15719 | Lair:3   | Reached skill level 10 in Invocations
 15941 | Lair:3   | You are sucked into a shaft and drop 2 floors!
 15941 | Lair:5   | Entered Level 5 of the Lair of Beasts
 16035 | Lair:3   | Reached skill level 1 in Shields
 16331 | Lair:4   | Found a staircase to the Slime Pits.
 16332 | Lair:4   | Found a viscous altar of Jiyva.
 16353 | Lair:4   | Noticed an eight-headed hydra
 16360 | Lair:4   | Killed an eight-headed hydra
 16365 | Lair:4   | Noticed a five-headed hydra
 16374 | Lair:4   | Killed a five-headed hydra
 16403 | Lair:4   | Noticed Josephine
 16410 | Lair:4   | Killed Josephine
 16417 | Lair:4   | Reached ***** piety under Makhleb
 16438 | Lair:4   | Reached XP level 14. HP: 37/106 MP: 0/0
 17280 | Lair:5   | Noticed a dire elephant
 17280 | Lair:5   | Noticed a dire elephant
 17281 | Lair:5   | Noticed a dire elephant
 18084 | Lair:5   | Reached skill level 5 in Shields
 18084 | Lair:5   | Reached skill level 13 in Spellcasting
 18248 | Lair:5   | Killed a dire elephant
 18451 | Lair:5   | Killed a dire elephant
 18535 | Lair:5   | HP: 5/108 [sixfirhy[an obsidian statue] (11)]
 18555 | Lair:5   | HP: 4/108 [sixfirhy[an obsidian statue] (13)]
 18555 | Lair:5   | Mangled by a sixfirhy

Illustrated notes

Levels and vault maps discovered:
D:1:      dpeg_arrival_stone_temple_mockup, layout_basic
D:2:      layout_basic, minivault_11, uniq_natasha
D:3:      layout_basic, mainiacjoe_overflow_small_starburst,
          nicolae_overflow_hidden_temple
D:4:      layout_layer_cave, mainiacjoe_overflow_catwalk,
          mainiacjoe_overflow_cross_hatched, reono_crystal_passage
D:5:      layout_basic, jmf_multi_god_temple, gammafunk_ghost_cemetery,
          serial_curves, eino_curves_01, eino_curves_01, eino_curves_02
D:6:      layout_loops_corners, minmay_temple_entry_fiery,
          minmay_chambers_of_fives
D:7:      layout_basic
D:8:      layout_rooms, tso_oasis_becter, yredelemnul_altar_generic,
          grunt_lair_entry_orc_guard_hut, nicolae_grassy_gnolls
D:9:      layout_cave_pools, serial_shops, shop, nicolae_shop_crystal,
          serial_ice, serial_ice_l, serial_ice_n, serial_ice_o, serial_ice_e
D:10:     layout_rooms
Lair:1:   gammafunk_cloud_chamber, layout_misc_corridors, grunt_megastairs_4
Lair:2:   layout_loops_ring, minmay_swamp_entry_worms,
          spider_nest_entry_web_field, st_stairs_4, beast_lair_carwin_3,
          infiniplex_staircase_pool_2, grunt_megastairs_5, uniq_erica
Lair:3:   layout_cave_shapes, dreamdust_mushroom_princess, beast_lair_carwin_11
Lair:4:   minmay_lair_venomous_thicket, layout_hall_layers, slime_entry_1,
          uniq_josephine
Lair:5:   due_jungle_book, layout_cave_pods, lemuel_fruit_fields

Skill      XL: |  1  2  3  4  5  6  7  8  9 10 11 12 13 14 |
---------------+-------------------------------------------+-----
Spellcasting   | 3 4 5 6 7 9 10 11 12 13 | 13.0
Armour         | 2 |  2.7
Fighting       | 3 4 5 6 8 9 10 11 12 | 12.6
Dodging        | 3 4 |  4.3
Invocations    | 2 4 6 7 9 10 11 | 11.6
Shields        | 2 5 |  5.3
Axes           | |  1.5
Throwing       | |  0.7

Action                   |  1- 3 |  4- 6 |  7- 9 | 10-12 | 13-15 || total
-------------------------+-------+-------+-------+-------+-------++-------
Melee: Hand axe          |    98 |    36 |       |       |       ||   134
       Punch             |     1 |       |       |       |       ||     1
       Staff             |       |       |       |     6 |     3 ||     9
 Cast: Slow              |     9 |     2 |       |     9 |       ||    20
       Scorch            |       |    55 |   129 |   260 |   177 ||   621
       Blink             |       |       |     1 |     2 |     2 ||     5
       Teleport Other    |       |       |       |     2 |       ||     2
       Ensorcelled Hiber |       |       |       |     3 |     4 ||     7
       Gell's Gravitas   |       |       |       |     2 |       ||     2
       Sticky Flame      |       |       |       |    76 |    64 ||   140
       Manifold Assault  |       |       |       |     1 |       ||     1
       Summon Forest     |       |       |       |       |    25 ||    25
Invok: Lesser Servant of |       |       |       |       |     2 ||     2
  Use: Scroll            |       |       |       |    15 |     4 ||    19
       Potion            |       |       |       |     3 |     1 ||     4
Armor: Leather armour    |    18 |    10 |    14 |    39 |    47 ||   128
       Skin              |       |       |       |       |     3 ||     3
Dodge: Dodged            |    70 |    26 |    52 |   232 |    81 ||   461

Table legend: (Time is in decaauts)
 A = Elapsed time spent in this place.
 B = Non-inter-level travel time spent in this place.
 C = Inter-level travel time spent in this place.
 D = Time resting spent in this place.
 E = Time spent auto-exploring this place.
 F = Levels seen in this place.
 G = Mean time per level.
                   A        B        C        D        E       F      G
               +--------+--------+--------+--------+--------+-----+--------+
         Total |  18607 |  18001 |    606 |   6340 |   8633 |  15 | 1240.5 |
       Dungeon |  13832 |  13336 |    496 |   5659 |   5970 |  10 | 1383.2 |
          Lair |   4774 |   4664 |    110 |    681 |   2663 |   5 |  954.8 |
               +--------+--------+--------+--------+--------+-----+--------+

Top non-repeatable levels by time:
     D:6: 1935 daAuts
     D:1: 1788 daAuts
     D:2: 1726 daAuts
     D:9: 1625 daAuts
     D:8: 1618 daAuts
     D:4: 1481 daAuts
  Lair:5: 1443 daAuts
     D:5: 1213 daAuts
     D:7: 1158 daAuts
  Lair:1: 994 daAuts
  Lair:2: 912 daAuts
  Lair:4: 855 daAuts
     D:3: 674 daAuts
    D:10: 609 daAuts
  Lair:3: 568 daAuts
